 Dungeon Crawl Stone Soup version 0.23.2-33-g5129a83184 (webtiles) character file.

Game seed: 10731765927214542529

21384 MalarOregon the Impaler (level 12, 0/145 HPs)
             Began as a Merfolk Berserker on July 1, 2019.
             Was an Elder of Trog.
             Slain by a salamander (13 damage)
             ... in a volcano on July 2, 2019.
             The game lasted 00:24:20 (16751 turns).

MalarOregon the Impaler (Merfolk Berserker)        Turns: 16751, Time: 00:24:21

Health: 0/145      AC: 17    Str: 23    XL:     12   Next: 89%
Magic:  16/16      EV: 13    Int:  7    God:    Trog [****..]
Gold:   802        SH:  0    Dex: 17    Spells: 11/11 levels left

rFire    . . .     SeeInvis .   K - +0 trident
rCold    . . .     Gourm    .   (no shield)
rNeg     . . .     Faith    +   C - +0 plate armour
rPois    .         Spirit   .   Q - +1 hat
rElec    .         Reflect  .   l - +0 cloak
rCorr    +         Harm     .   H - +1 pair of gloves
MR       .....                  (no boots)
Stlth    ..........             G - amulet of faith {!P}
HPRegen  0.34/turn              i - ring of stealth
MPRegen  0.15/turn              U - ring of resist corrosion

@: berserking, very quick
A: change form in water, swift swim, stealthy swim
a: Berserk, Trog's Hand, Brothers in Arms, Renounce Religion


You were in a volcano.
You worshipped Trog.
Trog was greatly pleased with you.
You were not hungry.

You visited 2 branches of the dungeon, and saw 13 of its levels.
You also visited: Sewer, Ice Cave and Volcano.

You collected 802 gold pieces.

Inventory:

Hand Weapons
 a - a +1 spear
 J - a +1 glaive of venom
   (You took it off an orc warrior on level 9 of the Dungeon)
 K - a +0 trident (weapon)
   (You took it off an orc on level 9 of the Dungeon)
 N - a +2 halberd of venom
   (You took it off a gnoll on level 7 of the Dungeon)
Missiles
 f - 11 tomahawks
 m - 6 javelins
 o - 306 stones
 p - 83 poisoned needles
 q - 7 silver javelins
 E - a throwing net {!f}
 I - 6 needles of paralysis
 L - 7 javelins of penetration
 O - 8 poisoned javelins (quivered)
 S - 2 javelins of returning
Armour
 l - a +0 cloak (worn)
   (You found it on level 1 of the Dungeon)
 C - a +0 plate armour (worn)
   (You took it off an orc warrior on level 5 of the Dungeon)
 H - a +1 pair of gloves (worn)
   (You found it on level 9 of the Dungeon)
 Q - a +1 hat (worn)
   (You took it off Gastronok on level 11 of the Dungeon)
Jewellery
 i - a ring of stealth (left hand)
   (You found it on level 8 of the Dungeon)
 F - an uncursed ring of magical power
   (You found it on level 9 of the Dungeon)
 G - an amulet of faith (around neck) {!P}
   (You found it on level 9 of the Dungeon)
 U - a ring of resist corrosion (right hand)
   (You found it on level 11 of the Dungeon)
 W - the amulet "Jireddae" {Gourm +Blink, unknown}
   (You found it in an ice cave)

   [amulet of the gourmand]

   It allows you to eat raw meat even when not hungry.
   It lets you blink.
Wands
 u - a wand of enslavement (3)
   (You found it on level 7 of the Dungeon)
 T - a wand of scattershot (5)
   (You took it off Nergalle on level 11 of the Dungeon)
Scrolls
 c - 3 scrolls of enchant armour
 d - 3 scrolls of identify {@r1}
 g - 3 scrolls of fog
 j - 7 scrolls of remove curse {@r2}
 r - 8 scrolls of teleportation {@r4}
 v - a scroll of magic mapping
 x - 2 scrolls of amnesia {unknown}
 y - a scroll of fear
 A - a scroll of blinking
 M - 2 scrolls of immolation {unknown}
Potions
 b - 2 potions of lignification {!q}
 h - 5 potions of magic
 k - 3 potions of resistance
 n - a potion of ambrosia
 s - a potion of brilliance
 t - 5 potions of curing {@q1}
 w - 3 potions of flight
 z - 2 potions of might
 B - 2 potions of cancellation
 D - 2 potions of agility
 P - 2 potions of berserk rage
 R - 2 potions of heal wounds {unknown}
 V - a potion of haste {unknown}
Comestibles
 e - 17 rations {!d}


   Skills:
 + Level 9.9 Fighting
 * Level 16.2 Polearms
 + Level 7.5 Throwing
 + Level 6.5 Armour
 + Level 11.1 Dodging
 + Level 6.3 Evocations


You had 11 spell levels left.
You didn't know any spells.
Your spell library contained the following spells:

 Spells                   Type           Power        Failure   Level  Hunger
 Confusing Touch          Hex            #.....       100%        1    ##.....
 Corona                   Hex            #......      100%        1    ##.....
 Ensorcelled Hibernation  Hex/Ice        #.....       100%        2    ###....
 Poisonous Vapours        Pois/Air       #.....       100%        2    ###....
 Confuse                  Hex            #.......     100%        3    ####...
 Conjure Flame            Conj/Fire      #.......     100%        3    ####...
 Dazzling Spray           Conj/Hex       #.....       100%        3    ####...
 Gell's Gravitas          Tloc           #.........   100%        3    ####...
 Mephitic Cloud           Conj/Pois/Air  #.......     100%        3    ####...
 Tukima's Dance           Hex            #.......     100%        3    ####...
 Petrify                  Tmut/Erth      #.......     100%        4    #####..
 Metabolic Englaciation   Hex/Ice        #.........   100%        5    ######.
 Yara's Violent Unravell  Hex/Tmut       #.........   100%        5    ######.
 Freezing Cloud           Conj/Ice/Air   #.........   100%        6    #######
 Ring of Flames           Chrm/Fire      #.........   100%        7    #######


Dungeon Overview and Level Annotations

Branches:
Dungeon (11/15)            Temple (0/1) D:6            Lair (2/6) D:8
  Snake (0/4) Lair:2          Orc (0/2) D:11
  Swamp: Lair:2-4    Shoals: Lair:2-4

Altars:
Cheibriados
Kikubaaqudgha
Okawaru
Qazlal
Sif Muna
Trog
Uskayaw
Wu Jian


Message History

The air gets thick with the scent of sulphur.
In the distance, the volcano erupts with a roar.
The air gets thick with the scent of sulphur.
In the distance, the volcano erupts with a roar.
The air gets thick with the scent of sulphur.
In the distance, the volcano erupts with a roar.
You are near starving!
You eat one of the 18 rations {!d}.
That ration really hit the spot!
You start resting.
The air gets thick with the scent of sulphur.
In the distance, the volcano erupts with a roar.
You are engulfed in blazing flames.
You open the large door.
A salamander comes into view.
You are engulfed in blazing flames.
The salamander wields a +0 shortbow of flaming.
It bursts into flame!
The salamander shoots an arrow.
The arrow closely misses you.
You hear a sizzling splash.
The salamander unwields a +0 shortbow of flaming.
It stops flaming.
The salamander hits you.
You are engulfed in flames!
* * * LOW HITPOINT WARNING * * *
There is a large open door here.
The salamander closely misses you.
Unknown command.
You hit the salamander.
You hit the salamander but do no damage.
The salamander hits you but does no damage.
You impale the salamander!!
A red film seems to cover your vision as you go berserk!
You feel yourself moving faster!
You feel mighty!
You feel quite a bit more hungry. The salamander hits you.
* * * LOW HITPOINT WARNING * * *
You are engulfed in flames!
* * * LOW HITPOINT WARNING * * *
You completely miss the salamander.
The salamander hits you but does no damage.
Unknown command.
You puncture the salamander!
Your plate armour prevents you from hitting the salamander.
The salamander hits you.
* * * LOW HITPOINT WARNING * * *
You are engulfed in flames!
* * * LOW HITPOINT WARNING * * *
You barely miss the salamander.
Your plate armour prevents you from hitting the salamander.
You puncture the salamander! The salamander hits you!
* * * LOW HITPOINT WARNING * * *
You are engulfed in flames!
You die...

§§≈≈##..+.._..+
≈§≈§#...#.....#
≈≈≈§#...#######
≈§§#...+$!.!!+
○§#...#..≈..#
#...#8≈≈≈8#
#..'..≈..+
#.@'...).+
§##N#8...8# #§≈
§≈###.....###§≈§
≈§≈≈°°....≈≈§§§§
#≈§§°8°°.8§≈§°≈≈
##°○○.°°.≈≈§§○#
#°§°.°○.≈§≈###
##§8°°°8≈§≈#
##.....####


You could see a salamander.

Vanquished Creatures
  Gastronok (D:11)
  Josephine (D:11)
  2 hydras
  4 two-headed ogres
  Nergalle (D:11)
  A salamander mystic (Volcano)
  An unseen horror (D:11)
  A black mamba (Lair:1)
  An ice statue (IceCv)
  A spiny frog (Lair:1)
  A komodo dragon (Lair:2)
  2 ice devils (Lair:1)
  A troll (D:11)
  3 blink frogs (Lair:1)
  4 hippogriffs
  A wraith (D:11)
  A shadow (D:11)
  2 wyverns (D:9)
  7 yaks (D:9)
  A hungry ghost (D:11)
  An acid dragon (D:11)
  2 water moccasins (D:11)
  6 orc warriors
  5 porcupines
  A black bear (D:6)
  A hornet zombie (D:11)
  5 ice beasts
  2 phantoms
  A necrophage (D:11)
  8 ogres
  10 centaurs
  2 crocodiles (Lair:1)
  4 big kobolds (Sewer)
  8 bullfrogs
  A wyvern zombie (D:9)
  A wyvern skeleton (D:9)
  3 scorpions
  4 killer bees
  10 wights
  4 howler monkeys
  An electric eel (D:8)
  4 crimson imps
  A quasit (D:6)
  2 bullfrog zombies
  3 centaur zombies
  5 jellies
  6 orc priests
  5 hounds
  21 orc wizards
  5 iguanas
  2 worker ants
  2 hound zombies
  A hound skeleton (D:6)
  2 howler monkey zombies
  A worker ant zombie (D:9)
  11 adders
  6 gnolls
  A river rat (Sewer)
  3 shadow imps
  An ooze (Sewer)
  2 adder zombies
  6 worms
  A dart slug (D:3)
  9 leopard geckos
  38 orcs
  2 ball pythons (Sewer)
  9 bats
  7 giant cockroaches
  6 goblins
  A hobgoblin (D:2)
  11 jackals
  8 kobolds
  4 quokkas
  7 frilled lizards
  A jackal zombie (D:7)
  A leopard gecko zombie (D:5)
  2 quokka skeletons
  A quokka zombie (D:9)
  9 rats
324 creatures vanquished.

Vanquished Creatures (collateral kills)
  2 ugly things (IceCv)
  An ice statue (IceCv)
  4 wraiths (D:11)
  An orc warrior (D:11)
  4 ice beasts (IceCv)
  A bullfrog (D:11)
  A killer bee (D:11)
  A shadow imp (D:11)
  An orc (D:11)
16 creatures vanquished.

Vanquished Creatures (others)
  A fungus (Lair:2)
1 creature vanquished.

Grand Total: 341 creatures vanquished

Notes
Turn   | Place    | Note
-------+----------+-------------------------------------------
     0 | D:1      | MalarOregon the Merfolk Berserker began the quest for the
                  | Orb.
     0 | D:1      | Reached XP level 1. HP: 18/18 MP: 1/1
   107 | D:1      | Reached XP level 2. HP: 21/24 MP: 2/2
   605 | D:1      | Reached skill level 5 in Polearms
   881 | D:2      | Found a transporter.
   889 | D:2      | Reached ** piety under Trog
   889 | D:2      | Reached XP level 3. HP: 21/29 MP: 3/3
  1045 | D:2      | Reached XP level 4. HP: 11/37 MP: 4/4
  1476 | D:2      | Found an ornate altar of the Wu Jian Council.
  1523 | D:2      | Found a transporter.
  1837 | D:2      | Reached skill level 6 in Polearms
  1921 | D:3      | Reached XP level 5. HP: 42/42 MP: 5/5
  3470 | D:4      | Reached *** piety under Trog
  3579 | D:4      | Reached skill level 7 in Polearms
  3579 | D:4      | Reached XP level 6. HP: 20/49 MP: 6/6
  4383 | D:5      | Entered Level 5 of the Dungeon
  4440 | D:5      | Reached XP level 7. HP: 41/55 MP: 7/7
  4491 | D:5      | Reached skill level 8 in Polearms
  4491 | D:5      | Reached skill level 5 in Dodging
  4637 | D:5      | Found a glowing drain.
  4657 | Sewer    | Entered a sewer
  4666 | Sewer    | Reached skill level 5 in Fighting
  4909 | Sewer    | Reached skill level 9 in Polearms
  4909 | Sewer    | Reached XP level 8. HP: 52/63 MP: 8/8
  5347 | D:5      | Reached skill level 1 in Throwing
  5715 | D:6      | Reached skill level 10 in Polearms
  5825 | D:6      | Reached **** piety under Trog
  6288 | D:6      | Reached XP level 9. HP: 37/69 MP: 9/9
  6531 | D:6      | Found a staircase to the Ecumenical Temple.
  7006 | D:6      | Reached skill level 11 in Polearms
  8124 | D:7      | Found an ancient bone altar of Kikubaaqudgha.
  8409 | D:7      | Found a deep blue altar of Sif Muna.
  8600 | D:7      | Found a snail-covered altar of Cheibriados.
  8777 | D:7      | Reached skill level 1 in Evocations
  9039 | D:7      | Reached skill level 12 in Polearms
  9066 | D:7      | Reached XP level 10. HP: 59/79 MP: 11/11
  9269 | D:8      | Noticed a two-headed ogre
  9282 | D:8      | Killed a two-headed ogre
  9676 | D:8      | Found a staircase to the Lair.
  9724 | D:8      | Found a bloodstained altar of Trog.
  9935 | D:9      | Reached skill level 13 in Polearms
 10306 | D:9      | Reached skill level 5 in Armour
 10521 | D:9      | Noticed a two-headed ogre
 10533 | D:9      | Received a gift from Trog
 10539 | D:9      | Reached skill level 5 in Throwing
 10546 | D:9      | Killed a two-headed ogre
 10578 | D:9      | Reached XP level 11. HP: 53/86 MP: 13/13
 10625 | D:9      | Reached ***** piety under Trog
 11321 | D:9      | Found an iron altar of Okawaru.
 11451 | D:9      | Found a hide-covered altar of Uskayaw.
 11732 | D:9      | Got a smoking short sword
 12069 | D:9      | Identified the +6 short sword of Denets {flame, Str-5
                  | Dex+5} (You found it on level 9 of the Dungeon)
 12072 | D:10     | Entered Level 10 of the Dungeon
 12178 | D:10     | Received a gift from Trog
 12248 | D:10     | Noticed a two-headed ogre
 12260 | D:10     | Killed a two-headed ogre
 12260 | D:10     | Reached skill level 14 in Polearms
 12689 | D:10     | Found a stormy altar of Qazlal.
 12962 | D:11     | Noticed Gastronok
 12971 | D:11     | Killed Gastronok
 13242 | D:11     | Noticed a two-headed ogre
 13248 | D:11     | Killed a two-headed ogre
 13248 | D:11     | Reached skill level 10 in Dodging
 13378 | D:11     | Noticed Josephine
 13393 | D:11     | Your ally died
 13393 | D:11     | Received a gift from Trog
 13393 | D:11     | Reached skill level 5 in Evocations
 13698 | D:11     | Noticed Nergalle
 13718 | D:11     | Reached skill level 15 in Polearms
 13718 | D:11     | Reached XP level 12. HP: 95/95 MP: 15/15
 13727 | D:11     | Killed Nergalle
 14268 | D:11     | Found a staircase to the Orcish Mines.
 14741 | Lair:1   | Entered Level 1 of the Lair of Beasts
 14885 | Lair:1   | Found a frozen archway.
 14905 | Lair:1   | Received a gift from Trog
 14916 | IceCv    | Entered an ice cave
 15061 | IceCv    | Found a transporter.
 15079 | IceCv    | Found a transporter.
 15253 | IceCv    | Got an ancient platinum amulet
 15647 | Lair:1   | Noticed a four-headed hydra
 15667 | Lair:1   | Killed a four-headed hydra
 15667 | Lair:1   | Reached skill level 16 in Polearms
 16209 | Lair:2   | Found a dark tunnel.
 16401 | Lair:2   | Noticed a six-headed hydra
 16410 | Lair:2   | Killed a six-headed hydra
 16474 | Volcano  | Entered a volcano
 16512 | Volcano  | Found a radiant altar of Vehumet.
 16751 | Volcano  | Slain by a salamander

Skill      XL: |  1  2  3  4  5  6  7  8  9 10 11 12 |
---------------+-------------------------------------+-----
Dodging        | 3 4 5 6 7 9 10 11 | 11.1
Polearms       | 5 6 7 9 10 12 13 15 16 | 16.2
Armour         | 2 3 4 5 6 |  6.5
Fighting       | 4 5 6 7 8 9 |  9.9
Throwing       | 2 4 5 6 7 |  7.5
Evocations     | 1 3 5 6 |  6.3

Action                   |  1- 3 |  4- 6 |  7- 9 | 10-12 || total
-------------------------+-------+-------+-------+-------++-------
Melee: Spear             |   107 |   281 |   706 |   412 ||  1506
       Tailslap          |       |       |     2 |       ||     2
       Halberd           |       |       |       |   385 ||   385
       Trident           |       |       |       |   118 ||   118
Throw: Javelin           |       |     1 |    10 |     6 ||    17
       Tomahawk          |       |       |     2 |     3 ||     5
Invok: Berserk           |     1 |     2 |     6 |    14 ||    23
       Trog's Hand       |       |       |       |     4 ||     4
       Brothers in Arms  |       |       |       |     6 ||     6
Evoke: Wand              |       |       |       |     2 ||     2
  Use: Scroll            |       |    14 |       |    11 ||    25
       Potion            |       |       |       |     1 ||     1
 Stab: Sleeping          |     2 |     1 |     3 |       ||     6
       Distracted        |       |       |       |     1 ||     1
  Eat: Chunk             |       |    14 |    20 |    25 ||    59
       Ration            |       |       |       |     6 ||     6
Armor: Animal skin       |    19 |       |       |       ||    19
       Ring mail         |     4 |     3 |       |       ||     7
       Leather armour    |       |    36 |    49 |       ||    85
       Plate armour      |       |       |    51 |   308 ||   359
Dodge: Dodged            |    57 |   129 |   233 |   261 ||   680
